 Dungeon Crawl Stone Soup version 0.29.1-2-gbd0b4ee654 (webtiles) character file.

Game seed: 11023938071279381077

2669 skoleks the Cleaver (level 9, -1/68 (74) HPs)
             Began as a Gnoll Berserker on Nov 21, 2022.
             Was an Elder of Trog.
             Slain by a wight
             ... wielding a +2 flail of freezing
              (5 damage)
             ... on level 7 of the Dungeon.
             The game lasted 00:27:32 (5654 turns).

skoleks the Cleaver (Gnoll Berserker)               Turns: 5654, Time: 00:27:32

HP:   -1/68 (74)    AC: 21    Str: 26    XL:     9   Next: 63%
MP:   15/15         EV:  7    Int: 12    God:    Trog [****..]
Gold: 107           SH: 12    Dex: 11    Spells: 17/17 levels left

rFire   . . .      SeeInvis .   r - +7 dagger "Feott" {protect, Fly rN+ Will++ Dex-2}
rCold   . . .      Faith    .   R - +0 tower shield
rNeg    + . .      Spirit   .   D - +3 chain mail {Will+}
rPois   .          Reflect  .   c - +0 hat
rElec   .          Harm     .   (no cloak)
rCorr   .          Rampage  .   E - +0 pair of gloves
Will    +++++                   (no boots)
Stlth   ..........              (no amulet)
HPRegen 1.21/turn               x - +6 ring of strength
MPRegen 0.14/turn               J - +6 ring of intelligence

@: strong-willed, under a protective aura, on berserk cooldown, flying,
regenerating, drained
A: fangs 1, strong nose, distributed training
a: Renounce Religion, Berserk, Trog's Hand, Brothers in Arms


You were on level 7 of the Dungeon.
You worshipped Trog.
Trog was greatly pleased with you.
You visited 1 branch of the dungeon, and saw 7 of its levels.

You collected 212 gold pieces.
You spent 105 gold pieces at shops.

Inventory:

Hand Weapons
 a - a +0 hand axe
 k - a +0 falchion
 r - the +7 dagger "Feott" (weapon) {protect, Fly rN+ Will++ Dex-2}
   (You found it on level 2 of the Dungeon)

   It grants its wielder temporary protection when it strikes (+7 to AC).
   Dex:       It affects your dexterity (-2).
   rN:        It protects you from negative energy.
   Fly:       It grants you flight.
   Will:      It greatly increases your willpower.
 A - a +0 shortbow
 G - a +0 vorpal arbalest
 I - a +0 dagger
 P - a +2 vorpal scythe
 U - a +2 flail of protection
Armour
 b - a +0 animal skin
 c - a +0 hat (worn)
 e - a +0 leather armour
 q - a +0 scale mail
 w - a +0 chain mail
 y - a +0 ring mail
 D - a +3 chain mail of willpower (worn)
 E - a +0 pair of gloves (worn)
 R - a +0 tower shield (worn)
 T - +0 fire dragon scales
Jewellery
 x - a +6 ring of strength (left hand)
 z - a ring of ice
 J - a +6 ring of intelligence (right hand)
 N - a ring of resist corrosion
Wands
 u - a wand of polymorph (4)
 K - a wand of mindburst (11)
 M - a wand of charming (9)
Scrolls
 d - 7 scrolls of identify {unknown}
 g - 2 scrolls of butterflies {unknown}
 i - a scroll of silence {unknown}
 j - 3 scrolls of vulnerability {unknown}
 o - 2 scrolls of summoning {unknown}
 p - a scroll of fear {unknown}
 t - 5 scrolls of teleportation {unknown}
 v - 2 scrolls of poison {unknown}
 B - a scroll of noise {unknown}
 C - 2 scrolls of magic mapping {unknown}
 H - a scroll of enchant weapon {unknown}
 Q - a scroll of blinking
Potions
 f - 2 potions of haste {unknown}
 h - a potion of mutation {unknown}
 l - 3 potions of brilliance {unknown}
 m - a potion of attraction {unknown}
 n - a potion of degeneration {unknown}
 s - 2 potions of berserk rage
 F - a potion of flight {unknown}
 L - a potion of lignification {unknown}
 O - a potion of curing {unknown}
 S - a potion of resistance {unknown}


   Skills:
 + Level 8.1 Fighting
 + Level 4.6 Short Blades
 + Level 4.6 Long Blades
 + Level 8.1 Axes
 + Level 4.6 Maces & Flails
 + Level 4.6 Polearms
 + Level 4.6 Staves
 + Level 4.6 Ranged Weapons
 + Level 4.6 Throwing
 + Level 6.6 Armour
 + Level 6.6 Dodging
 + Level 4.6 Stealth
 + Level 4.6 Shields
 + Level 4.6 Unarmed Combat
 + Level 4.6 Spellcasting
 + Level 3.8 Conjurations
 + Level 3.8 Hexes
 + Level 3.8 Summonings
 + Level 3.8 Necromancy
 + Level 3.8 Translocations
 + Level 3.8 Transmutations
 + Level 3.8 Fire Magic
 + Level 3.8 Ice Magic
 + Level 3.8 Air Magic
 + Level 3.8 Earth Magic
 + Level 3.8 Poison Magic
 + Level 5.1 Invocations
 + Level 4.6 Evocations


You had 17 spell levels left.
You didn't know any spells.
Your spell library contained the following spells:

 Spells                   Type           Power      Damage    Failure   Level
 Blink                    Tloc           22%        N/A       99%         2
 Static Discharge         Conj/Air       11%        3-5/arc   99%         2
 Dispel Undead            Necr           11%        3d9       100%        4
 Sticky Flame             Conj/Fire      11%        2d3       100%        4
 Manifold Assault         Tloc           11%        N/A       100%        5
 Storm Form               Tmut/Air       5%         N/A       100%        7


Dungeon Overview and Level Annotations

Branches:
Dungeon (7/15)             Temple (0/1) D:5

Altars:
Dithmenos
Fedhas
Okawaru
Wu Jian
Yredelemnul
Zin

Shops:
D:4 ?


Innate Abilities, Weirdness & Mutations

You have very sharp teeth.
Your uncanny sense of smell can sniff out nearby items.
Your experience applies equally to all skills.


Message History

The wight is heavily damaged.
The wight hits you but does no damage.
Your skin crawls.
You feel strong-willed. You block the wight's attack.
The wight hits you with a +2 flail of freezing.
* * * LOW HITPOINT WARNING * * *
The wight freezes you.
* * * LOW HITPOINT WARNING * * *
You block the wight's attack.
You hit the wight but do no damage.
The wight is heavily damaged.
The wight hits you with a +2 flail of freezing.
* * * LOW HITPOINT WARNING * * *
You partially resist.
You feel drained. The wight freezes you.
* * * LOW HITPOINT WARNING * * *
The wight closely misses you. You block the wight's attack.
The wight hits you with a +2 mace.
* * * LOW HITPOINT WARNING * * *
You partially resist.
You feel drained.
You feel yourself speed up.
You hit the wight. Your bite misses the wight.
The wight is moderately damaged.
You block the wight's attack. The wight barely misses you.
You hit the wight.
The wight is moderately damaged.
You block the wight's attack. x2; The wight hits you but does no damage.
The wight hits you with a +2 mace.
* * * LOW HITPOINT WARNING * * *
You partially resist.
You feel drained.
You hit the wight.
The wight is severely damaged.
You block the wight's attack.
The kobold brigand hits you with a +0 short sword.
* * * LOW HITPOINT WARNING * * *
You block the wight's attack.
You barely miss the wight.
The wight is heavily damaged.
The wight hits you with a +2 flail of freezing.
You die...

### ##.# #..## #
##...# ## ##.#....##.#
#.?...K.#..### ##
#....@zg.....# ....
##.#..zg..?#######....
#.##z#..#...#....#
##.##.K#..#........#
#..#K.##.z........#
#....g###KK.......###
#....z.##.##.........
##.#.K=.K............
##.....K......)[..#.


You could see a kobold brigand, 3 wights, 2 gnolls and a kobold.

Vanquished Creatures
  Grinder (D:6)
  Sigmund (D:5)
  A yak (D:5)
  2 steam dragons
  A water moccasin (D:7)
  An ice beast (D:6)
  2 black bears
  A centaur (D:5)
  4 phantoms (D:5)
  3 bullfrogs
  3 scorpions
  A gnoll sergeant (D:7)
  2 jellies
  4 hounds
  An orc priest (D:6)
  A gnoll bouda (D:4)
  2 iguanas
  Ijyb (D:4)
  5 orc wizards
  5 gnolls (D:4)
  9 adders
  A shadow imp (D:6)
  2 ufetubi
  2 worms
  3 dart slugs
  9 orcs
  6 ball pythons
  7 endoplasms
  5 giant cockroaches
  16 goblins
  4 hobgoblins
  3 jackals (D:1)
  7 quokkas
  10 bats
  8 frilled lizards
  6 kobolds
  5 rats
145 creatures vanquished.

Vanquished Creatures (collateral kills)
  A gnoll (D:7)
1 creature vanquished.

Vanquished Creatures (others)
  A bush (D:6)
  18 plants
19 creatures vanquished.

Grand Total: 165 creatures vanquished

Notes
Turn   | Place    | Note
-------+----------+-------------------------------------------
     0 | D:1      | skoleks the Gnoll Berserker began the quest for the Orb.
     0 | D:1      | Reached XP level 1. HP: 23/23 MP: 1/1
   132 | D:1      | Reached XP level 2. HP: 28/29 MP: 2/2
   570 | D:1      | Reached XP level 3. HP: 35/35 MP: 3/3
   575 | D:1      | Reached ** piety under Trog
   840 | D:1      | Reached skill level 1 in Invocations
  1099 | D:2      | Identified the +7 dagger "Feott" {protect, Fly rN+ Will++
                  | Dex-2}
  1245 | D:2      | Reached skill level 1 in Short Blades
  1245 | D:2      | Reached skill level 1 in Long Blades
  1245 | D:2      | Reached skill level 1 in Maces & Flails
  1245 | D:2      | Reached skill level 1 in Polearms
  1245 | D:2      | Reached skill level 1 in Staves
  1245 | D:2      | Reached skill level 1 in Ranged Weapons
  1245 | D:2      | Reached skill level 1 in Throwing
  1245 | D:2      | Reached skill level 1 in Stealth
  1245 | D:2      | Reached skill level 1 in Shields
  1245 | D:2      | Reached skill level 1 in Unarmed Combat
  1245 | D:2      | Reached skill level 1 in Spellcasting
  1245 | D:2      | Reached skill level 1 in Evocations
  1572 | D:2      | Reached XP level 4. HP: 41/41 MP: 5/5
  2297 | D:3      | Reached skill level 1 in Conjurations
  2297 | D:3      | Reached skill level 1 in Hexes
  2297 | D:3      | Reached skill level 1 in Summonings
  2297 | D:3      | Reached skill level 1 in Necromancy
  2297 | D:3      | Reached skill level 1 in Translocations
  2297 | D:3      | Reached skill level 1 in Transmutations
  2297 | D:3      | Reached skill level 1 in Fire Magic
  2297 | D:3      | Reached skill level 1 in Ice Magic
  2297 | D:3      | Reached skill level 1 in Air Magic
  2297 | D:3      | Reached skill level 1 in Earth Magic
  2297 | D:3      | Reached skill level 1 in Poison Magic
  2587 | D:3      | Reached *** piety under Trog
  2611 | D:4      | Noticed a scorpion
  2620 | D:4      | Killed a scorpion
  2621 | D:4      | Reached XP level 5. HP: 47/47 MP: 5/7
  2771 | D:4      | Reached XP level 6. HP: 35/53 MP: 8/8
  2775 | D:4      | Reached skill level 5 in Armour
  2775 | D:4      | Reached skill level 5 in Dodging
  3167 | D:4      | Noticed Ijyb
  3192 | D:4      | Killed Ijyb
  3245 | D:4      | Found Pedenaed's Magic Scroll Shoppe.
  3257 | D:4      | Bought a scroll of enchant armour for 105 gold pieces
  3272 | D:4      | Found a basalt altar of Yredelemnul.
  3278 | D:4      | Found a glowing silver altar of Zin.
  3362 | D:5      | Entered Level 5 of the Dungeon
  3462 | D:5      | Reached XP level 7. HP: 54/60 MP: 10/10
  3466 | D:5      | Found a large runed translucent door.
  3466 | D:5      | Found a large runed translucent door.
  3716 | D:5      | Noticed a yak
  3855 | D:5      | Killed a yak
  3856 | D:5      | Reached XP level 8. HP: 67/67 MP: 12/12
  3968 | D:5      | Found a staircase to the Ecumenical Temple.
  4141 | D:5      | Reached **** piety under Trog
  4273 | D:5      | Noticed Sigmund
  4286 | D:5      | Killed Sigmund
  4364 | D:5      | Found an ornate altar of the Wu Jian Council.
  4370 | D:5      | Noticed a spectral centipede
  4370 | D:5      | Noticed a spectral black mamba
  4478 | D:5      | Found a shadowy altar of Dithmenos.
  4493 | D:5      | Found an iron altar of Okawaru.
  4575 | D:6      | Noticed Grinder
  4589 | D:6      | Reached XP level 9. HP: 73/73 MP: 14/14
  4618 | D:6      | Killed Grinder
  5299 | D:6      | Found a blossoming altar of Fedhas.
  5611 | D:7      | Reached skill level 5 in Invocations
  5653 | D:7      | HP: 3/68 [kobold brigand/+0 short sword (2)]
  5654 | D:7      | Slain by a wight

Illustrated notes

Levels and vault maps discovered:
D:1:      amcnicky_arrival_feature_with_door, layout_loops_ring,
          minmay_misc_feat_iff, minmay_pentomino_q4
D:2:      layout_loops_ring, minmay_surrounded
D:3:      layout_basic, hangedman_decor_clover_reticule
D:4:      kennysheep_the_goblin_king, layout_cave_pools,
          amethyst_overflow_temple_binary, serial_shops, shop, uniq_ijyb
D:5:      minmay_clustersquares, layout_basic, pdpol_wu_jian_five_deadly_venoms,
          jmf_multi_god_temple2, temple_green, serial_bayou_lake_a, uniq_sigmund
D:6:      layout_cave_pools, fedhas_altar_decomposition, uniq_grinder
D:7:      layout_cave_pools, uniq_menkaure

Skill      XL: |  1  2  3  4  5  6  7  8  9 |
---------------+----------------------------+-----
Invocations    | 1 2 3 4 5 |  5.1
Short Blades   | 1 2 3 4 |  4.6
Long Blades    | 1 2 3 4 |  4.6
Maces & Flails | 1 2 3 4 |  4.6
Polearms       | 1 2 3 4 |  4.6
Staves         | 1 2 3 4 |  4.6
Ranged Weapons | 1 2 3 4 |  4.6
Throwing       | 1 2 3 4 |  4.6
Stealth        | 1 2 3 4 |  4.6
Shields        | 1 2 3 4 |  4.6
Unarmed Combat | 1 2 3 4 |  4.6
Spellcasting   | 1 2 3 4 |  4.6
Evocations     | 1 2 3 4 |  4.6
Conjurations   | 1 2 3 |  3.8
Hexes          | 1 2 3 |  3.8
Summonings     | 1 2 3 |  3.8
Necromancy     | 1 2 3 |  3.8
Translocations | 1 2 3 |  3.8
Transmutations | 1 2 3 |  3.8
Fire Magic     | 1 2 3 |  3.8
Ice Magic      | 1 2 3 |  3.8
Air Magic      | 1 2 3 |  3.8
Earth Magic    | 1 2 3 |  3.8
Poison Magic   | 1 2 3 |  3.8
Armour         | 5 6 |  6.6
Dodging        | 5 6 |  6.6
Fighting       | 7 8 |  8.1
Axes           | 7 8 |  8.1

Action                   |  1- 3 |  4- 6 |  7- 9 || total
-------------------------+-------+-------+-------++-------
Melee: Hand axe          |    88 |       |       ||    88
       Bite              |     5 |    13 |    40 ||    58
       Dagger            |    21 |   129 |   300 ||   450
       Punch             |       |     2 |     1 ||     3
Invok: Berserk           |       |     3 |     5 ||     8
       Trog's Hand       |       |     1 |     2 ||     3
       Brothers in Arms  |       |       |     1 ||     1
  Use: Scroll            |     1 |     1 |       ||     2
       Potion            |       |       |     1 ||     1
Armor: Animal skin       |     2 |       |       ||     2
       Leather armour    |    16 |       |       ||    16
       Chain mail        |     3 |   101 |   222 ||   326
       Scale mail        |     3 |       |       ||     3
Dodge: Dodged            |    79 |    60 |   110 ||   249
Block: Tower shield      |       |       |   125 ||   125
